 Dungeon Crawl Stone Soup version 0.19-a0-1889-g9c603be (webtiles) character file.

118176 TheGoonsmith the Destroyer (level 16, -17/149 HPs)
             Began as a Grey Draconian Conjurer on Oct 16, 2016.
             Was the Champion of Vehumet.
             Demolished by a jumping spider (19 damage)
             ... on level 1 of the Spider Nest on Oct 17, 2016.
             The game lasted 01:56:59 (41414 turns).

TheGoonsmith the Destroyer (DrCj)                  Turns: 41414, Time: 01:57:00

Health: -17/149    AC:  2    Str: 13    XL:     16   Next: 24%
Magic:  11/29      EV:  8    Int: 25    God:    Vehumet [******]
Gold:   1454       SH:  0    Dex:  8    Spells: 9 memorised, 2 levels left

rFire  + + .     SeeInvis .     H - +4 great mace (protect)
rCold  + + .     Gourm    .     (armour unavailable)
rNeg   . . .     Faith    .     (shield currently unavailable)
rPois  +         Spirit   .     (helmet restricted)
rElec  .         Reflect  .     m - +1 cloak
rCorr  .         Harm     .     z - +3 pair of gauntlets of War {Slay+5}
MR     +....                    g - +1 pair of boots {run}
Stlth  ++........               (no amulet)
                                B - ring of poison resistance
                                L - ring of the Tempest {rF++ rC++ Int+5 Dex-4}

@: corroded, held, repel missiles, quick
A: walk through water, unfitting armour, talons 1, low mp 1, robust 1,
unbreathing, cold-blooded, AC +14
a: Renounce Religion


You were on level 1 of the Spider Nest.
You worshipped Vehumet.
Vehumet was exalted by your worship.
You were near starving.

You visited 5 branches of the dungeon, and saw 25 of its levels.
You also visited: Sewer, Ossuary and Ice Cave.

You collected 2780 gold pieces.
You spent 1326 gold pieces at shops.

Inventory:

Hand Weapons
 H - a +4 great mace of protection (weapon)
Missiles
 W - 5 throwing nets (quivered)
Armour
 g - a +1 pair of boots of running (worn)
 m - a +1 cloak (worn)
 z - the +3 pair of gauntlets of War (worn) {Slay+5}
   (You found it on level 11 of the Dungeon)

   It affects your accuracy and damage with ranged weapons and melee attacks
   (+5).
Magical Staves
 s - an uncursed staff of wizardry
Jewellery
 B - a ring of poison resistance (right hand)
 J - an uncursed ring of see invisible
 L - the ring of the Tempest (left hand) {rF++ rC++ Int+5 Dex-4}
   (You took it off a boggart on level 15 of the Dungeon)

   [ring of intelligence]

   It affects your intelligence (+5).
   It affects your dexterity (-4).
   It greatly protects you from fire.
   It greatly protects you from cold.
Wands
 p - a wand of digging (11/24)
 t - a wand of iceblast (5/15)
 E - a wand of polymorph (2/24)
 F - a wand of acid (3/15)
 Q - a wand of polymorph (20/24)
 R - a wand of confusion (30/48)
 V - a wand of paralysis (8/24)
 X - a wand of teleportation (4/9)
Scrolls
 a - a scroll of fear
 d - 3 scrolls of recharging
 e - 11 scrolls of teleportation
 i - 2 scrolls of magic mapping
 k - a scroll of holy word
 o - 6 scrolls of remove curse
 r - 5 scrolls of identify
 x - 2 scrolls of blinking
 y - 2 scrolls of fog
Potions
 f - 3 potions of curing
 j - 2 potions of cancellation
 l - 4 potions of flight
 D - 5 potions of agility
 K - a potion of resistance
 P - 4 potions of haste
 U - 2 potions of might
Miscellaneous
 n - a box of beasts
Comestibles
 c - 7 slices of pizza
 M - 4 meat rations


   Skills:
 - Level 10.6 Fighting
 - Level 3.0(4.3) Maces & Flails
 - Level 4.7(5.2) Staves
 - Level 10.3 Dodging
 - Level 1.7 Stealth
 + Level 12.3 Spellcasting
 + Level 14.7 Conjurations
 - Level 8.0 Charms
 * Level 7.1 Summonings
 - Level 2.0 Translocations
 - Level 9.0 Ice Magic
 - Level 5.0 Air Magic
 - Level 4.0 Poison Magic


You had 2 spell levels left.
You knew the following spells:

 Your Spells              Type           Power        Failure   Level  Hunger
a - Magic Dart            Conj           ####         0%          1    None
b - Freezing Cloud        Conj/Ice/Air   ######....   4%          6    #####..
c - Fulminant Prism       Conj/Hex       ######....   1%          4    None
d - Olgreb's Toxic Radia  Pois           #####...     2%          4    None
e - Blink                 Tloc           N/A          2%          2    None
f - Bolt of Cold          Conj/Ice       ######....   1%          6    #####..
g - Spellforged Servitor  Conj/Summ      ######....   11%         7    ######.
r - Repel Missiles        Chrm/Air       #####.       1%          2    None
z - Iskenderun's Battles  Conj/Chrm      ######..     1%          5    ###....


Dungeon Overview and Level Annotations

Branches:
Dungeon (15/15)            Temple (1/1) D:4            Lair (6/6) D:9
  Swamp (0/4) Lair:3       Spider (1/4) Lair:3        Slime (0/5) Lair:6
    Orc (2/2) D:11            Elf (0/3) Orc:2        Vaults (0/5) D:14
 Depths (0/5) D:15

Altars:
Ashenzari
Cheibriados
Dithmenos
Elyvilon
Fedhas
Gozag
Hepliaklqana
Kikubaaqudgha
Makhleb
Nemelex Xobeh
Okawaru
Qazlal
Ru
Sif Muna
Trog
Uskayaw
Vehumet
Xom
Yredelemnul
Zin
The Shining One
Beogh
Jiyva

Shops:
D:5 !   D:6 }   D:13 (   Orc:2 }[*:

Annotations:
D:15 exclusion: Roxanne, Roxanne


Innate Abilities, Weirdness & Mutations

You can walk through water.
Your dull iron-grey scales are very hard. (AC +14)
You cannot fit into any form of body armour.
You can survive without breathing.
You are cold-blooded and may be slowed by cold attacks.
You have sharp toenails.
Your magical capacity is low. (-10% MP)
You are robust. (+10% HP)


Message History

Your surroundings suddenly seem different.
A jumping spider comes into view.
An electric eel comes into view.
The jumping spider hisses angrily.
The electric eel shoots out a bolt of lightning at you!
The bolt of electricity hits you!
* * * LOW HITPOINT WARNING * * *
You feel much better.
The electric eel shoots out a bolt of lightning at you!
The bolt of electricity misses you.
The jumping spider leaps!
The jumping spider misses you. The jumping spider bites you.
* * * LOW HITPOINT WARNING * * *
You are too injured to fight recklessly!
You barely miss the jumping spider. The jumping spider pounces on you!
* * * LOW HITPOINT WARNING * * *
You are caught in a web!
The jumping spider bites you.
* * * LOW HITPOINT WARNING * * *
The jumping spider pounces on you!!
You die...

,,≈,,,≈****
,,*,,,≈,*,##***
,,,,,≈*,,.≈≈*≈*
,,,,,*,,,≈≈#≈≈**
*,,,,,,,,.≈≈≈≈≈#####
,,,,,,,,*≈#≈≈≈##≈≈≈###
,,,,,,,,*≈,#.#≈≈≈≈≈;≈#*
,,,,,,,*≈,,#..≈.s#,*≈≈*
**,,,,,*,.....#.@#,,,**
,≈,,,**≈,...,,#......#**
,*,,,,≈**#*,,*##§..###,*
,,,,,,**,,*,,*,#...#*,,*
,,,,,,*,,,*,,,,##..#,,,*
*,,,,,*,,,*,,,,≈,..#,,,*
,,,,,,,,,,*,,,*≈*..#,,,*
,,,*,,,,,,,,,*≈,*...,,,*
,,**,,,,,,,,,*,,*,,,,,,*


You could see a jumping spider.

Vanquished Creatures
  2 orc warlords (Orc:2)
  3 entropy weavers
  Nessos (D:15)
  A dire elephant (D:15)
  The ghost of Ultraviolent4 the Cleaver, a journeyman FoFi of Okawaru (Lair:2)
  A vault guard (D:14)
  9 hydras
  The ghost of Ultraviolent4 the Cleaver, a journeyman FoFi of Okawaru (IceCv)
  A merfolk avatar (Lair:6)
  2 centaur warriors
  Erica (Lair:1)
  A queen ant (Lair:5)
  The ghost of Ultraviolent4 the Cleaver, a novice FoFi of Okawaru (D:11)
  4 orc high priests (Orc:2)
  7 death yaks
  An ogre mage (Orc:2)
  Nergalle (D:10)
  6 skeletal warriors
  A deep elf knight (Orc:2)
  A sea snake (Lair:6)
  3 hill giants
  6 orc knights
  Pikel (D:4)
  4 wolf spiders
  8 orc sorcerers
  3 manticores
  2 orb spiders
  3 deep elf magi
  4 cyclopes
  11 ugly things
  A salamander (D:15)
  3 elephants (Lair:6)
  2 ice statues (IceCv)
  A torpor snail (Lair:3)
  6 black mambas
  Joseph (D:7)
  13 spiny frogs
  2 gargoyles
  10 komodo dragons
  A freezing wraith (D:14)
  8 rime drakes
  A kobold demonologist (D:12)
  13 ice devils (IceCv)
  A tengu conjurer (D:14)
  A komodo dragon (shapeshifter) (D:14)
  5 jumping spiders (Spider:1)
  A troll (shapeshifter) (D:14)
  6 trolls
  A queen bee (D:9)
  The ghost of Ultraviolent4 the Shield-Bearer, an amateur FoFi (D:5)
  A wind drake (Lair:6)
  4 polar bears
  8 two-headed ogres
  3 hornets
  8 slime creatures
  10 blink frogs
  9 hippogriffs
  Sigmund (D:5)
  8 tarantellas (Spider:1)
  A centaur simulacrum (D:14)
  A vampire (D:11)
  A water elemental (D:14)
  Eustachio (D:4)
  A wraith (D:12)
  8 wyverns
  4 hogs (D:9)
  10 redbacks (Spider:1)
  A human (D:9)
  A basilisk (shapeshifter) (D:15)
  52 yaks
  4 hungry ghosts
  4 basilisks
  2 mottled dragons
  8 wargs
  4 vampire mosquitoes (D:14)
  19 water moccasins
  18 soldier ants (Lair:5)
  14 porcupines
  7 ice beasts
  2 black bears
  36 orc warriors
  5 sky beasts
  A hornet zombie (D:14)
  2 slaves (D:4)
  3 phantoms
  4 boggarts (D:15)
  3 necrophages
  15 ogres
  3 wolves (Lair:1)
  An eye of draining (shapeshifter) (D:13)
  23 centaurs
  12 crocodiles
  5 big kobolds
  Blork the orc (D:6)
  14 bullfrogs
  A gnoll sergeant (D:9)
  A wyvern zombie (D:13)
  4 water moccasin zombies (Ossuary)
  5 scorpions
  A wyvern skeleton (D:6)
  20 killer bees
  3 electric eels (Lair:3)
  5 wights (D:11)
  2 jellies
  2 centaur zombies (D:12)
  8 howler monkeys
  2 bullfrog zombies (D:12)
  13 crimson imps
  7 hounds
  A lava snake (Lair:5)
  6 quasits
  3 bullfrog skeletons
  A gnoll shaman (D:9)
  22 orc priests
  3 centaur skeletons
  Ijyb (D:3)
  25 orc wizards
  3 iguanas
  38 worker ants
  A big kobold zombie (Ossuary)
  A hound zombie (D:10)
  2 mummies (Ossuary)
  A worker ant zombie (D:5)
  A howler monkey zombie (D:7)
  Robin (D:4)
  13 gnolls
  A howler monkey skeleton (D:5)
  20 adders
  4 shadow imps
  5 white imps (IceCv)
  4 ufetubi (IceCv)
  5 oozes
  2 adder skeletons (D:4)
  8 adder zombies
  6 worms
  2 dart slugs (D:2)
  11 leopard geckos
  114 orcs
  2 ball pythons
  9 giant cockroaches
  2 gnoll zombies (Ossuary)
  11 goblins
  8 hobgoblins
  20 jackals
  18 kobolds
  7 quokkas
  13 bats
  9 frilled lizards
  5 hobgoblin zombies (Ossuary)
  5 kobold zombies (Ossuary)
  A leopard gecko skeleton (D:4)
  4 orc zombies (Ossuary)
  10 rats
  A fungus (Lair:6)
  2 plants (Lair:6)
1018 creatures vanquished.

Vanquished Creatures (others)
  An orc wizard (Orc:2)
  2 orc priests (Orc:2)
  3 white imps (IceCv)
  6 ufetubi (IceCv)
  52 fulminant prisms
  16 fungi
  23 plants
103 creatures vanquished.

Grand Total: 1121 creatures vanquished

Notes
Turn   | Place    | Note
-------+----------+-------------------------------------------
     0 | D:1      | TheGoonsmith the Draconian Conjurer began the quest for the Orb.
     0 | D:1      | Reached XP level 1. HP: 14/14 MP: 3/3
   348 | D:1      | Reached XP level 2. HP: 19/20 MP: 0/5
   950 | D:2      | Reached XP level 3. HP: 26/26 MP: 0/6
  1583 | D:2      | Reached skill level 5 in Conjurations
  1661 | D:2      | Learned a level 2 spell: Searing Ray
  1812 | D:3      | Found a glowing drain.
  1824 | Sewer    | Entered a sewer
  1827 | Sewer    | Reached XP level 4. HP: 33/33 MP: 2/8
  2986 | D:3      | Noticed Ijyb
  2993 | D:3      | Killed Ijyb
  2993 | D:3      | Reached XP level 5. HP: 35/38 MP: 1/9
  3556 | D:3      | Learned a level 5 spell: Iskenderun's Battlesphere
  3559 | D:3      | Learned a level 2 spell: Repel Missiles
  3835 | D:4      | Noticed Robin
  3840 | D:4      | Killed Robin
  3840 | D:4      | Reached skill level 1 in Charms
  3875 | D:4      | Reached skill level 6 in Conjurations
  3912 | D:4      | Noticed Eustachio
  4023 | D:4      | Reached XP level 6. HP: 45/45 MP: 5/11
  4202 | D:4      | Gained mutation: Your magical capacity is low. (-10% MP) [potion of mutation]
  4202 | D:4      | Gained mutation: You have sharp toenails. [potion of mutation]
  4202 | D:4      | Gained mutation: You are robust. (+10% HP) [potion of mutation]
  4250 | D:4      | Found a sand-covered staircase.
  4254 | Ossuary  | Entered an ossuary
  5081 | Ossuary  | Your scales start taking on a dull iron-grey colour.
  5081 | Ossuary  | Reached XP level 7. HP: 25/55 MP: 3/11
  5081 | Ossuary  | Gained mutation: You can survive without breathing. [Grey Draconian growth]
  5341 | Ossuary  | Reached skill level 7 in Conjurations
  6009 | D:5      | Entered Level 5 of the Dungeon
  6025 | D:5      | Found Gumicoun's Distillery.
  6030 | D:5      | Bought a potion of heal wounds for 60 gold pieces
  6030 | D:5      | Bought a potion of heal wounds for 60 gold pieces
  6030 | D:5      | Bought a potion of curing for 36 gold pieces
  6030 | D:5      | Bought a potion of curing for 36 gold pieces
  6030 | D:5      | Bought a potion of might for 48 gold pieces
  6117 | D:5      | Noticed Ultraviolent4's ghost (amateur FoFi)
  6761 | D:5      | Noticed Sigmund
  6775 | D:5      | Killed Sigmund
  6775 | D:5      | Reached XP level 8. HP: 32/62 MP: 3/13
  6933 | D:5      | Killed Ultraviolent4's ghost
  6933 | D:5      | Reached skill level 8 in Conjurations
  7123 | D:5      | Learned a level 4 spell: Fulminant Prism
  7426 | D:5      | Found a bloodstained altar of Trog.
  7605 | D:5      | Reached skill level 5 in Charms
  7947 | D:4      | Killed Eustachio
  7947 | D:4      | Reached skill level 5 in Spellcasting
  8155 | D:4      | Found a staircase to the Ecumenical Temple.
  8161 | Temple   | Entered the Ecumenical Temple
  8244 | Temple   | Became a worshipper of Vehumet
  8264 | D:4      | Noticed Pikel
  8277 | D:4      | Killed Pikel
  8277 | D:4      | Reached skill level 9 in Conjurations
  8277 | D:4      | Reached XP level 9. HP: 42/68 MP: 3/15
  9030 | D:6      | Noticed Blork the orc
  9039 | D:6      | Killed Blork the orc
  9436 | D:6      | Found Inudd's Gadget Emporium.
  9455 | D:6      | Reached * piety under Vehumet
  9455 | D:6      | Offered knowledge of Shock by Vehumet.
 10075 | D:7      | Noticed Joseph
 10088 | D:7      | Killed Joseph
 10088 | D:7      | Reached skill level 10 in Conjurations
 11031 | D:7      | Reached XP level 10. HP: 71/75 MP: 11/17
 11366 | D:8      | Reached ** piety under Vehumet
 11366 | D:8      | Offered knowledge of Throw Frost by Vehumet.
 11506 | D:8      | Found an opulent altar of Gozag.
 11878 | D:8      | Got a pitted crystal amulet
 12571 | D:9      | Found a staircase to the Lair.
 12614 | D:9      | Reached skill level 11 in Conjurations
 12633 | D:9      | Offered knowledge of Stone Arrow by Vehumet.
 13000 | D:9      | Reached *** piety under Vehumet
 13883 | D:9      | Offered knowledge of Olgreb's Toxic Radiance by Vehumet.
 14051 | D:9      | Learned a level 4 spell: Olgreb's Toxic Radiance
 14122 | D:9      | Reached skill level 12 in Conjurations
 14150 | D:9      | Identified the amulet "Rot Zael" {Reflect +Blink rN+ Str+2 Int-5 SH+3} (You found it on level 8 of the Dungeon)
 14234 | D:10     | Entered Level 10 of the Dungeon
 14347 | D:10     | Reached XP level 11. HP: 78/81 MP: 2/20
 14653 | D:10     | Reached **** piety under Vehumet
 14664 | D:10     | Noticed Nergalle
 14675 | D:10     | Killed Nergalle
 14996 | D:11     | Offered knowledge of Irradiate by Vehumet.
 15030 | D:11     | Noticed Ultraviolent4's ghost (novice FoFi)
 15033 | D:11     | Noticed a brown ugly thing
 15262 | D:11     | Found a staircase to the Orcish Mines.
 15436 | D:11     | Noticed a cyan ugly thing
 15439 | D:11     | Reached skill level 13 in Conjurations
 15450 | D:11     | Killed a cyan ugly thing
 15671 | D:11     | Killed Ultraviolent4's ghost
 16136 | D:11     | Reached ***** piety under Vehumet
 16221 | D:11     | Killed a brown ugly thing
 16270 | D:11     | Offered knowledge of Venom Bolt by Vehumet.
 16727 | D:11     | Found a roughly hewn altar of Beogh.
 17059 | D:11     | Reached skill level 14 in Conjurations
 17152 | D:11     | HP: 1/81 [vampire (5)]
 17509 | Lair:1   | Entered Level 1 of the Lair of Beasts
 17577 | Lair:1   | Learned a level 2 spell: Blink
 17593 | Lair:1   | Noticed Erica
 17603 | Lair:1   | Killed Erica
 17622 | Lair:1   | Reached XP level 12. HP: 71/96 MP: 8/22
 17875 | Lair:1   | Reached skill level 5 in Fighting
 18768 | Lair:2   | Noticed Ultraviolent4's ghost (journeyman FoFi)
 19528 | Lair:3   | Found a staircase to the Swamp.
 19703 | Lair:3   | Reached skill level 5 in Dodging
 19830 | Lair:3   | Found a hole to the Spider Nest.
 20312 | Lair:3   | Reached skill level 10 in Spellcasting
 21108 | Lair:3   | Noticed a death yak
 21108 | Lair:3   | Noticed a death yak
 21111 | Lair:3   | Noticed a death yak
 21150 | Lair:3   | Killed a death yak
 21150 | Lair:3   | Reached skill level 1 in Poison Magic
 21154 | Lair:3   | Killed a death yak
 21173 | Lair:3   | Killed a death yak
 21173 | Lair:3   | Reached XP level 13. HP: 89/115 MP: 7/24
 22177 | Lair:2   | Killed Ultraviolent4's ghost
 23475 | Orc:1    | Entered Level 1 of the Orcish Mines
 23565 | Orc:1    | Offered knowledge of Bolt of Cold by Vehumet.
 23953 | Orc:1    | Found a roughly hewn altar of Beogh.
 24161 | Orc:2    | Entered Level 2 of the Orcish Mines
 24524 | Orc:2    | Found a staircase to the Elven Halls.
 25844 | Orc:2    | Noticed an orc warlord
 25971 | Orc:1    | Reached skill level 10 in Fighting
 26308 | Orc:1    | HP: 3/124 [ogre/giant club (27)]
 26699 | Orc:2    | Killed an orc warlord
 27095 | Orc:2    | Learned a level 6 spell: Bolt of Cold
 27180 | Orc:2    | Reached skill level 1 in Ice Magic
 27183 | Orc:2    | Reached XP level 14. HP: 131/133 MP: 13/25
 27333 | Orc:2    | Found Pump's General Store.
 27333 | Orc:2    | Found Vayschat's Book Shop.
 27335 | Orc:2    | Found Laamm's Gadget Emporium.
 27335 | Orc:2    | Found Hushin's Antique Armour Shop.
 27550 | Orc:2    | Noticed an orc warlord
 27566 | Orc:2    | Killed an orc warlord
 27566 | Orc:2    | Reached skill level 5 in Ice Magic
 27711 | Orc:2    | Bought a book of Flames for 420 gold pieces
 27711 | Orc:2    | Bought a book of Callings for 360 gold pieces
 27716 | Orc:2    | Learned a level 4 spell: Summon Ice Beast
 28073 | Lair:5   | Offered knowledge of Freezing Cloud by Vehumet.
 28073 | Lair:5   | Reached skill level 1 in Summonings
 28371 | Lair:5   | Noticed an entropy weaver
 28376 | Lair:5   | Noticed an entropy weaver
 28377 | Lair:5   | Killed an entropy weaver
 28517 | Lair:5   | Learned a level 6 spell: Freezing Cloud
 28777 | Lair:5   | Reached skill level 1 in Air Magic
 29462 | Lair:5   | Killed an entropy weaver
 29808 | Lair:6   | Entered Level 6 of the Lair of Beasts
 30427 | Lair:6   | Reached skill level 5 in Air Magic
 30508 | Lair:6   | Reached ****** piety under Vehumet
 30574 | Lair:6   | Paralysed by a hornet for 2 turns
 30766 | Lair:6   | Offered knowledge of Lightning Bolt by Vehumet.
 30806 | Lair:6   | Reached XP level 15. HP: 85/138 MP: 1/27
 31317 | Lair:6   | Found a viscous altar of Jiyva.
 31318 | Lair:6   | Found a staircase to the Slime Pits.
 32343 | Lair:1   | Upgraded the game from 0.19-a0-1886-gd64a0f0 to 0.19-a0-1889-g9c603be
 32736 | D:12     | Offered knowledge of Orb of Destruction by Vehumet.
 33388 | D:12     | Reached skill level 10 in Dodging
 33924 | D:12     | HP: 5/140 [skeletal warrior/glaive[a skeletal warrior] (25)]
 34410 | D:13     | Found Nybbeng's Antique Weapon Boutique.
 34429 | D:13     | Bought an encrusted broad axe for 306 gold pieces
 34429 | D:13     | Identified the +6 broad axe "Nuwkeo" {protect, *Contam Int+3} (You bought it in a shop on level 13 of the Dungeon)
 34666 | D:13     | Reached skill level 1 in Maces & Flails
 35325 | D:13     | Found a glowing golden altar of the Shining One.
 35581 | D:14     | You fall through a shaft!
 35581 | D:15     | Entered Level 15 of the Dungeon
 35990 | D:13     | Offered knowledge of Spellforged Servitor by Vehumet.
 36071 | D:13     | Learned a level 7 spell: Spellforged Servitor
 37381 | D:14     | Found a gate to the Vaults.
 37565 | D:15     | Found a hide-covered altar of Uskayaw.
 37647 | D:15     | Reached skill level 5 in Summonings
 37943 | D:15     | Found a staircase to the Depths.
 38065 | D:15     | Noticed Nessos
 38080 | D:15     | Killed Nessos
 38099 | D:15     | HP: 7/140 [poisoned by Nessos]
 38104 | D:15     | HP: 5/140 [poisoned by Nessos]
 38110 | D:15     | HP: 4/140 [poisoned by Nessos]
 38116 | D:15     | HP: 4/140 [poisoned by Nessos]
 38124 | D:15     | HP: 5/140 [poisoned by Nessos]
 38556 | D:15     | Got a shimmering golden ring
 38557 | D:15     | Identified the ring of the Tempest {rF++ rC++ Int+5 Dex-4} (You took it off a boggart on level 15 of the Dungeon)
 38634 | D:15     | Noticed Roxanne
 38837 | D:15     | Reached XP level 16. HP: 143/149 MP: 23/28
 39169 | Spider:1 | Entered Level 1 of the Spider Nest
 39342 | Spider:1 | Found a frozen archway.
 39467 | IceCv    | Entered an ice cave
 39584 | IceCv    | Noticed Ultraviolent4's ghost (journeyman FoFi)
 39601 | IceCv    | Killed Ultraviolent4's ghost
 39603 | IceCv    | Offered knowledge of Delayed Fireball by Vehumet.
 40015 | IceCv    | Identified a +1 pair of boots of running (You found it in an ice cave)
 40946 | IceCv    | Noticed an Ice Fiend
 40947 | IceCv    | Noticed an Ice Fiend
 41411 | Spider:1 | HP: 1/149 [electric eel/bolt of electricity (9)]
 41414 | Spider:1 | Demolished by a jumping spider

Vault maps used:
D:1:      sevenhm_arrival_forest_fort_small_3, supply_closet_lemuel
D:3:      portal_sewer_entry_a, uniq_iyjb
D:4:      enter_ossuary_5, uniq_robin, uniq_eustachio, uniq_pikel
D:5:      first_bread, serial_shops, nicolae_shop_waterfront,
          trog_butcher_becter, uniq_sigmund
D:6:      serial_shops, shop, glass_columns_a, serial_bayou_pond_e,
          uniq_blork_the_orc
D:7:      uniq_joseph
D:8:      nicolae_gozag_cash_rules_everything_around_me
D:9:      lair_0_dummy, special_room, grunt_livestock
D:10:     uniq_nergalle
D:11:     minmay_orc_entry_guard_dogs, special_room
D:12:     minmay_misc_feat_five
D:13:     serial_shops, nicolae_shop_trees, minmay_misc_feat_rows, tso_altar
D:14:     david_vaults_5, minivault_14
D:15:     hangedman_depths_entry_try_elsewhere_first, basic_altar, minivault_24,
          spider_trap, uniq_nessos, uniq_roxanne
Temple:   grunt_wide_crystal_templ
Lair:1:   minmay_lair_venomous_thicket, infiniplex_staircase_pool,
          grunt_megastairs_1, uniq_erica
Lair:2:   st_stairs_3, serial_bayou_crossing
Lair:3:   minmay_swamp_entry_eels, nicolae_spider_entry_orb_guardian,
          grunt_megastairs_5
Lair:4:   serial_bayou_pond_d
Lair:5:   zaba_anthell, grunt_megastairs_4
Lair:6:   gammafunk_lair_ancient_temple, dpeg_slime_entry_enclosed_altar,
          st_stairs_9
Spider:1: portal_ice_cave_entry_pillars_three
Orc:1:    basic_altar
Orc:2:    grunt_orc_tribal_feast, elf_legates
Sewer:    sewer_fruit_machine
Ossuary:  ossuary_tomb_2
IceCv:    ice_cave_small_demon

Skill      XL: |  1  2  3  4  5  6  7  8  9 10 11 12 13 14 15 16 |
---------------+-------------------------------------------------+-----
Conjurations   | 5 6 7 9 10 12 14 | 14.7
Spellcasting   | 3 4 5 6 8 9 10 11 12 | 12.3
Charms         | 1 2 4 6 7 8 |  8.0
Fighting       | 2 7 10 | 10.6
Dodging        | 6 8 10 | 10.3
Poison Magic   | 3 4 |  4.0
Translocations | 2 |  2.0
Staves         | 4 |  4.7
Ice Magic      | 1 8 9 |  9.0
Summonings     | 1 5 7 |  7.1
Air Magic      | 5 |  5.0
Maces & Flails | 3 |  3.0
Stealth        | |  1.7

Action                   |  1- 3 |  4- 6 |  7- 9 | 10-12 | 13-15 | 16-18 || total
-------------------------+-------+-------+-------+-------+-------+-------++-------
Melee: Unarmed           |     6 |       |       |       |       |       ||     6
       Mace              |     6 |    68 |       |       |       |       ||    74
       Tailslap          |     1 |    14 |    13 |    12 |    85 |    19 ||   144
       Morningstar       |       |    95 |   168 |       |       |       ||   263
       Kick              |       |    12 |    31 |    27 |   154 |    23 ||   247
       Dire flail        |       |       |    15 |       |       |       ||    15
       Quarterstaff      |       |       |     9 |    77 |   402 |       ||   488
       Great mace        |       |       |       |       |   203 |   135 ||   338
 Cast: Magic Dart        |    88 |   151 |   272 |   569 |   596 |    72 ||  1748
       Searing Ray       |       |    12 |    42 |    27 |     6 |       ||    87
       Iskenderun's Batt |       |       |     1 |   102 |   111 |    14 ||   228
       Fulminant Prism   |       |       |       |    16 |    35 |     1 ||    52
       Repel Missiles    |       |       |       |     2 |     3 |     1 ||     6
       Olgreb's Toxic Ra |       |       |       |     3 |    39 |    12 ||    54
       Bolt of Cold      |       |       |       |       |    76 |     4 ||    80
       Freezing Cloud    |       |       |       |       |    23 |     2 ||    25
       Blink             |       |       |       |       |     5 |     4 ||     9
       Summon Ice Beast  |       |       |       |       |     4 |       ||     4
Evoke: Wand              |       |       |     2 |       |     3 |       ||     5
  Use: Scroll            |     2 |     8 |     6 |    12 |    18 |     4 ||    50
       Potion            |       |     7 |     9 |     6 |     8 |     5 ||    35
 Stab: Distracted        |       |       |     1 |       |     1 |       ||     2
       Invisible         |       |       |       |       |     4 |       ||     4
       Sleeping          |       |       |       |       |     3 |     1 ||     4
       Paralysed         |       |       |       |       |     5 |       ||     5
  Eat: Chunk             |     4 |     8 |    16 |    36 |    68 |     4 ||   136
       Bread ration      |       |     1 |       |     1 |     2 |     1 ||     5
       Beef jerky        |       |       |     2 |     1 |     3 |       ||     6
       Meat ration       |       |       |       |     2 |     1 |       ||     3
       Royal jelly       |       |       |       |       |     5 |       ||     5
       Pizza             |       |       |       |       |     2 |     1 ||     3
Armor: Skin              |    14 |   121 |   248 |   146 |   358 |   185 ||  1072
Dodge: Dodged            |    21 |   146 |   312 |   200 |   739 |   346 ||  1764
       Deflected         |       |       |       |     4 |    17 |     7 ||    28
